 Dungeon Crawl Stone Soup version 0.21.1-1-g345015f (webtiles) character file.

162 lysyklops the Sneak (level 5, -6/32 HPs)
             Began as a Kobold Assassin on July 27, 2018.
             Killed from afar by Natasha (8 damage)
             ... with a wand of flame (24)
             ... on level 3 of the Dungeon.
             The game lasted 00:08:36 (2842 turns).

lysyklops the Sneak (Kobold Assassin)               Turns: 2842, Time: 00:08:36

Health: -6/32      AC:  3    Str:  8    XL:     5   Next: 71%
Magic:  5/5        EV: 16    Int: 13    God:
Gold:   142        SH:  0    Dex: 17    Spells: 4/4 levels left

rFire    . . .     SeeInvis .   a - +1 short sword (elec)
rCold    . . .     Gourm    .   (shield restricted)
rNeg     . . .     Faith    .   c - +0 robe
rPois    .         Spirit   .   (no helmet)
rElec    .         Reflect  .   d - +0 cloak
rCorr    .         Harm     .   (no gloves)
MR       .....                  (no boots)
Stlth    +++.......             (no amulet)
HPRegen  0.10/turn              (no ring)
MPRegen  0.09/turn              (no ring)

@: no status effects
A: small, carnivore
a: no special abilities


You were on level 3 of the Dungeon.
You were not hungry.

You visited 1 branch of the dungeon, and saw 3 of its levels.

You collected 142 gold pieces.

Inventory:

Hand Weapons
 a - a +1 short sword of electrocution (weapon)
 b - a +0 blowgun
 l - a +2 dagger
Missiles
 e - 37 poisoned needles
 f - 2 curare-tipped needles
Armour
 c - a +0 robe (worn)
 d - a +0 cloak (worn)
Jewellery
 p - an uncursed amulet of the gourmand {unknown}
 t - an uncursed ring of poison resistance {unknown}
Wands
 u - a wand of iceblast (6)
Scrolls
 h - a scroll of magic mapping {unknown}
 k - 3 scrolls of remove curse {unknown}
 m - 4 scrolls of teleportation {unknown}
 o - 2 scrolls of identify {unknown}
 r - a scroll of amnesia {unknown}
 s - a scroll of fear {unknown}
Potions
 i - 3 potions of curing {unknown}
 j - a potion of haste
 n - 3 potions of degeneration {unknown}
 q - a potion of ambrosia {unknown}
 v - a potion of heal wounds {unknown}
 w - a potion of flight {unknown}
 x - a potion of brilliance {unknown}
Comestibles
 g - 7 rations


   Skills:
 + Level 3.2 Fighting
 + Level 4.0 Short Blades
 + Level 3.3 Throwing
 + Level 2.8 Dodging
 + Level 6.2 Stealth


You had 4 spell levels left.
You didn't know any spells.

Dungeon Overview and Level Annotations

Branches:
Dungeon (3/15)

Altars:

Annotations:
D:3 Natasha


Innate Abilities, Weirdness & Mutations

You are small and have problems with some larger weapons.
You are carnivorous and can eat meat at any time.


Message History

You kill the rat!
The rat bites you.
You hit the rat.
You kill the rat!
There is an open door here.
Natasha, Servant of Life and Death comes into view.
Natasha hisses angrily.
Natasha zaps a wand.
The puff of flame hits you!
It is a wand of flame (24).
Natasha drinks a potion.
Natasha seems to speed up.
Natasha casts a spell at you. The magic dart hits you!
Natasha casts a spell at you. The magic dart hits you!
* * * LOW HITPOINT WARNING * * *
You are too injured to fight recklessly!
You are too injured to fight recklessly!
Natasha completely misses you.
Found 16 stones.
You barely miss Natasha.
Natasha zaps a wand.
The puff of flame hits you!
You die...

# #..# # #..#
###..# .....####
...[....#
.##.###.########
###.#
#........#### #
#.# #.######...h#
#.# #.........@.#
#.###..####.###.#
#....'##≈≈### .#
#.#..#≈≈≈≈≈≈+ .#
###.##.#≈≈≈≈≈≈+
.#
....##.+##≈≈###
.#
.######..####.##
(# .# #.........
.# .# #...###.##


You could see Natasha.

Vanquished Creatures
  Jessica (D:3)
  Robin (D:3)
  4 adders (D:3)
  2 oozes
  2 worms (D:2)
  A dart slug (D:1)
  3 leopard geckos
  2 ball pythons
  3 giant cockroaches
  13 goblins
  9 hobgoblins
  5 kobolds
  A quokka (D:3)
  7 bats
  4 frilled lizards
  13 rats
71 creatures vanquished.

Notes
Turn   | Place    | Note
-------+----------+-------------------------------------------
     0 | D:1      | lysyklops the Kobold Assassin began the quest for the Orb.
     0 | D:1      | Reached XP level 1. HP: 12/12 MP: 1/1
   306 | D:1      | Reached XP level 2. HP: 18/18 MP: 2/2
   627 | D:1      | Reached XP level 3. HP: 18/22 MP: 3/3
  1545 | D:2      | Reached XP level 4. HP: 13/27 MP: 4/4
  1892 | D:3      | Noticed Robin
  2013 | D:3      | Killed Robin
  2093 | D:3      | HP: 1/27 [poisoned by an adder]
  2432 | D:3      | Reached skill level 6 in Stealth
  2561 | D:3      | Reached XP level 5. HP: 30/32 MP: 5/5
  2743 | D:3      | Noticed Jessica
  2751 | D:3      | Killed Jessica
  2835 | D:3      | Noticed Natasha
  2840 | D:3      | HP: 1/32 [Natasha/magic dart (10)]
  2842 | D:3      | Killed from afar by Natasha

Skill      XL: |  1  2  3  4  5 |
---------------+----------------+-----
Short Blades   | 3 4 |  4.0
Dodging        | 2 |  2.8
Throwing       | 3 |  3.3
Stealth        | 6 |  6.2
Fighting       | 3 |  3.2

Action                   |  1- 3 |  4- 6 || total
-------------------------+-------+-------++-------
Melee: Dagger            |    32 |       ||    32
       Short sword       |    50 |    94 ||   144
 Fire: Blowgun           |     1 |       ||     1
 Stab: Sleeping          |    14 |     8 ||    22
       Distracted        |       |     1 ||     1
  Eat: Ration            |     1 |       ||     1
       Chunk             |       |     4 ||     4
Armor: Robe              |    13 |    10 ||    23
Dodge: Dodged            |    32 |    63 ||    95
